AoeStats
← waw15

Arabia

503670960Analyzed
3v3 RM · 1mo ago on Sep 1, 2026· 50m 56s· 6 players
Game mode
Random Map
Map size
Normal (6 player)
Population
200
Speed
Normal
Resources
Standard
Victory
Conquest
Starting age
Dark Age
Ending age
Imperial Age
RankedLock teamsTeams togetherTeam positionsShared explorationLock speedFull tech treeHidden civsTurbo modeCheats
Victory
Defeat
🇸🇪 Teutons · Sweden
987
+13
🇸🇪 Saracens · Sweden
977
+13
🇸🇪 Mapuche · Sweden
955
+14
🇵🇱 Gurjaras · Poland
951
-15
🇬🇧 Mongols · United Kingdom
902
-13
🇫🇷 Khmer · France
883
-12
Peace
2:03 Loom
11:30 Feudal Age
17:49 Castle Age
16:00 Double-Bit Axe
16:13 Horse Collar
16:29 Arson
16:59 Gold Mining
17:22 Man-at-Arms
18:21 Long Swordsman
19:21 Squires
19:58 Gambesons
23:54 Scale Mail Armor
24:38 Pikeman
28:59 Chain Mail Armor
29:16 Stone Mining
29:39 Bow Saw
30:36 Elite Skirmisher
32:26 Ballistics
33:13 Wheelbarrow
33:25 Padded Archer Armor
33:43 Heavy Plow
36:00 Hand Cart
40:52 Imperial Age
39:48 Stone Shaft Mining
40:20 Ironclad
40:31 Forging
40:38 Leather Archer Armor
40:44 Caravan
40:56 Halberdier
42:38 Plate Mail Armor
44:09 Chemistry
45:17 Two-Man Saw
44:52 Crop Rotation
45:43 Iron Casting
45:41 Ring Archer Armor
45:03 Fletching
46:51 Onager
Pl4yGround
10:59 Feudal Age
13:23 Bloodlines
13:46 Scale Barding Armor
14:57 Forging
18:32 Double-Bit Axe
18:29 Horse Collar
20:11 Gold Mining
23:19 Castle Age
22:48 Stone Mining
24:49 Bow Saw
24:40 Heavy Plow
25:19 Gold Shaft Mining
26:33 Chain Barding Armor
26:49 Iron Casting
27:03 Wheelbarrow
32:07 Hand Cart
38:28 Imperial Age
38:37 Elite Mameluke
40:09 Plate Barding Armor
40:37 Blast Furnace
40:43 Counterweights
41:57 Husbandry
41:20 Light Cavalry
43:28 Conscription
43:45 Siege Engineers
Kuarre
5:10 Loom
11:53 Feudal Age
12:38 Double-Bit Axe
12:52 Horse Collar
14:09 Gold Mining
15:33 Arson
16:34 Wheelbarrow
18:53 Padded Archer Armor
18:44 Fletching
18:52 Stone Mining
25:05 Castle Age
25:16 Pikeman
26:29 Caravan
26:40 Heavy Plow
26:56 Bow Saw
27:27 Stone Shaft Mining
28:46 Gold Shaft Mining
27:36 Elite Skirmisher
28:52 Bodkin Arrow
29:13 Leather Archer Armor
32:23 Hand Cart
34:14 Forging
35:20 Malon
39:20 Town Watch
42:00 Ballistics
41:36 Murder Holes
45:00 Iron Casting
44:30 Scale Mail Armor
waw15
10:09 Feudal Age
15:13 Castle Age
14:45 Loom
19:03 Light Cavalry
20:51 Horse Collar
22:24 Pikeman
23:54 Forging
26:54 Scale Barding Armor
33:14 Chain Barding Armor
33:30 Iron Casting
32:18 Pikeman
33:49 Fletching
34:04 Heavy Plow
35:13 Husbandry
35:24 Double-Bit Axe
38:40 Bloodlines
38:31 Bodkin Arrow
39:37 Bow Saw
41:15 Gold Mining
43:36 Padded Archer Armor
44:28 Ballistics
47:06 Imperial Age
44:39 Caravan
45:15 Elite Skirmisher
46:06 Thumb Ring
48:49 Chemistry
48:19 Elite Mangudai
PiotrekEs
10:47 Feudal Age
11:25 Double-Bit Axe
16:03 Loom
19:57 Castle Age
18:09 Horse Collar
21:41 Bow Saw
22:40 Heavy Plow
26:51 Wheelbarrow
28:14 Forging
28:46 Husbandry
28:56 Bloodlines
28:54 Scale Barding Armor
31:22 Gold Mining
32:12 Iron Casting
31:57 Chain Barding Armor
32:08 Masonry
33:25 Hand Cart
33:27 Fletching
35:37 Kshatriyas
38:54 Imperial Age
37:57 Murder Holes
39:00 Gold Shaft Mining
38:18 Stone Mining
39:16 Bodkin Arrow
40:35 Chemistry
40:07 Architecture
40:03 Conscription
39:25 Heavy Camel Rider
40:46 Hoardings
41:05 Crop Rotation
42:09 Frontier Guards
42:48 Bracer
42:48 Padded Archer Armor
43:28 Elite Chakram Thrower
44:56 Leather Archer Armor
45:19 Plate Barding Armor
44:19 Elite Skirmisher
45:05 Thumb Ring
Oltav4
8:04 Loom
11:35 Feudal Age
15:11 Castle Age
13:31 Double-Bit Axe
14:17 Horse Collar
16:45 Wheelbarrow
22:05 Town Watch
24:32 Bow Saw
25:58 Husbandry
26:56 Bloodlines
28:42 Scale Barding Armor
29:31 Ballistics
30:04 Tusk Swords
35:57 Imperial Age
35:44 Chain Barding Armor
35:34 Forging
37:47 Double Crossbow
39:51 Light Cavalry
41:11 Plate Barding Armor
41:12 Iron Casting
43:29 Chemistry
43:21 Hussar
44:25 Hand Cart
44:13 Town Patrol
47:16 Elite Ballista Elephant
Connection lost

Rejoining the realm…

Still unreachable

The connection could not be restored.

Session expired

The server has moved on; the page needs a fresh start.